 Dungeon Crawl Stone Soup version 0.25-a0-1133-g93ebf73 (webtiles) character file.

Game seed: 296313326320390186, levelgen mode: deterministic

172 thirtiethelement the Skirmisher (level 5, -3/42 HPs)
             Began as a Demonspawn Abyssal Knight on May 21, 2020.
             Was a Believer of Lugonu.
             Slain by an orc
             ... wielding a +0 flail
              (7 damage)
             ... on level 3 of the Dungeon.
             The game lasted 00:10:32 (1852 turns).

thirtiethelement the Skirmisher (DsAK)              Turns: 1852, Time: 00:10:32

Health: -3/42      AC: 11    Str: 13    XL:     5   Next: 27%
Magic:  7/7        EV:  7    Int: 13    God:    Lugonu [**....]
Gold:   81         SH:  0    Dex: 13    Spells: 3/4 levels left

rFire    . . .     SeeInvis +   a - +1 falchion
rCold    . . .     Gourm    .   (no shield)
rNeg     . . .     Faith    .   e - +3 chain mail
rPois    .         Spirit   .   (no helmet)
rElec    .         Reflect  .   (no cloak)
rCorr    .         Harm     .   (no gloves)
MR       .....                  (no boots)
Stlth    ..........             (no amulet)
HPRegen  0.14/turn              q - ring of see invisible
MPRegen  0.10/turn              (no ring)

@: no status effects
A: powered by death 1, sturdy frame 1
a: Depart the Abyss, Bend Space, Renounce Religion


You were on level 3 of the Dungeon.
You worshipped Lugonu.
Lugonu was pleased with you.
You were not hungry.

You visited 1 branch of the dungeon, and saw 3 of its levels.
You visited the Abyss 1 time.

You collected 81 gold pieces.

Inventory:

Hand Weapons
 a - a +1 falchion (weapon)
 j - a +0 dagger of venom
 w - a +1 hand axe of pain
Missiles
 i - 8 javelins (quivered)
 r - 16 poisoned darts
Armour
 b - a +0 leather armour
 e - a +3 chain mail (worn)
 x - +0 storm dragon scales
Jewellery
 q - a ring of see invisible (left hand)
Wands
 y - a wand of random effects (17)
Scrolls
 f - a scroll of brand weapon {unknown}
 g - a scroll of blinking {unknown}
 h - a scroll of teleportation {unknown}
 k - a scroll of immolation {unknown}
 l - a scroll of fear {unknown}
 m - 5 scrolls of identify {unknown}
 o - a scroll of remove curse {unknown}
 t - a scroll of fog {unknown}
 u - a scroll of enchant armour {unknown}
 v - a scroll of magic mapping {unknown}
Potions
 d - a potion of heal wounds {unknown}
 n - a potion of brilliance {unknown}
 p - a potion of cancellation {unknown}
 s - a potion of might {unknown}
Comestibles
 c - 2 rations


   Skills:
 + Level 3.9 Fighting
 + Level 3.5 Long Blades
 + Level 2.4 Armour
 + Level 1.3 Dodging
 + Level 0.1 Stealth
 + Level 0.1 Spellcasting
 + Level 0.7 Transmutations
 + Level 3.0 Invocations


You had 3 spell levels left.
You knew the following spells:

 Your Spells              Type           Power        Failure   Level  Hunger
a - Beastly Appendage     Tmut           #.....       96%         1    ##.....

Your spell library contained the following spells:

 Spells                   Type           Power        Failure   Level  Hunger
 Sticks to Snakes         Tmut           #.......     99%         2    ###....
 Spider Form              Tmut/Pois      #.........   100%        3    ####...
 Ice Form                 Ice/Tmut       #.......     100%        4    #####..
 Blade Hands              Tmut           #.........   100%        5    ######.


Dungeon Overview and Level Annotations

Branches:
Dungeon (3/15)

Altars:
Nemelex Xobeh
Ru
The Shining One


Innate Abilities, Weirdness & Mutations

You regenerate a little health from kills.
Your movements are slightly less encumbered by armour. (ER -2)


Message History

The orc throws a stone.
The stone hits you but does no damage.
Items here: ! ( ) [ a stone; a +0 flail; a +0 ring mail; a dark potion The orc hits you but does no damage.
Things that are here:
2 stones; a rat corpse You hit the orc.
The orc is heavily wounded.
The orc closely misses you.
You closely miss the orc.
The orc is heavily wounded.
The orc hits you with a +0 flail.
* * * LOW HITPOINT WARNING * * *
You hit the orc.
The orc is severely wounded.
The orc hits you but does no damage.
You completely miss the orc.
The orc is severely wounded.
The orc hits you with a +0 flail!
You die...

###... # #.... # #.#.# #
##.#.# #
#######....##############
.........................
#######(#.###############
#.†.((# #####.. #..##@##
##...... .....≈)o....#
#.......
#....≈≈...≈.............
#......≈≈≈..≈...####.$...
≈≈≈≈≈≈≈≈≈≈≈≈≈.≈≈ #.....
≈≈≈≈≈≈≈..≈≈≈.≈≈≈ #.....
....≈≈≈≈≈.....≈ #..)..
..≈....≈....... .......
##......


You could see an orc.

Vanquished Creatures
  An orc wizard (D:3)
  Jessica (D:3)
  Ijyb (D:3)
  2 adders (D:2)
  An ooze (D:3)
  A dart slug (D:2)
  3 leopard geckos (D:2)
  7 orcs (D:3)
  3 giant cockroaches
  9 goblins
  4 hobgoblins
  A quokka (D:2)
  3 ball pythons
  6 bats
  3 frilled lizards (D:2)
  9 kobolds
  6 rats
61 creatures vanquished.

Notes
Turn   | Place    | Note
-------+----------+-------------------------------------------
     0 | Abyss:1  | thirtiethelement the Demonspawn Abyssal Knight began the
                  | quest for the Orb.
     0 | Abyss:1  | Reached XP level 1. HP: 18/18 MP: 2/2
   162 | Abyss:2  | Noticed a starcursed mass
   167 | D:1      | Escaped the Abyss
   299 | D:1      | Gained mutation: You regenerate a little health from kills.
                  | [demonic ancestry]
   299 | D:1      | Reached XP level 2. HP: 22/24 MP: 4/4
   355 | D:1      | Reached * piety under Lugonu
  1012 | D:2      | Reached XP level 3. HP: 15/29 MP: 5/5
  1113 | D:2      | Found a glowing golden altar of the Shining One.
  1275 | D:2      | Reached skill level 1 in Dodging
  1458 | D:2      | Learned a level 1 spell: Beastly Appendage
  1597 | D:3      | Gained mutation: Your movements are slightly less
                  | encumbered by armour. (ER -2) [demonic ancestry]
  1597 | D:3      | Reached XP level 4. HP: 36/37 MP: 6/6
  1601 | D:3      | Reached ** piety under Lugonu
  1646 | D:3      | Found a sacrificial altar of Ru.
  1691 | D:3      | Noticed Ijyb
  1729 | D:3      | Killed Ijyb
  1750 | D:3      | Found a sparkling altar of Nemelex Xobeh.
  1750 | D:3      | Noticed Jessica
  1760 | D:3      | Killed Jessica
  1760 | D:3      | Reached XP level 5. HP: 34/42 MP: 7/7
  1852 | D:3      | Slain by an orc

Illustrated notes

Levels and vault maps discovered:
D:1:      matt_arrival_grand_opening, layout_loops_ring, minmay_tromino_v4_c
D:2:      kennysheep_big_flooded_room, layout_loops_ring, lemuel_crystal_altar
D:3:      layout_rooms, nicolae_dithmenos_through_a_glass_darkly,
          marbit_many_paths, serial_rivers, chequers_serial_rivers_room_b,
          chequers_serial_rivers_large_a, chequers_serial_rivers_small_3,
          chequers_serial_rivers_small_3, nemelex_lonely_heart_becter, uniq_ijyb

Skill      XL: |  1  2  3  4 |
---------------+-------------+-----
Armour         | 2 |  2.4
Long Blades    | 2 3 |  3.5
Invocations    | 3 |  3.0
Dodging        | 1 |  1.3
Fighting       | |  3.9
Stealth        | |  0.1
Spellcasting   | |  0.1
Transmutations | |  0.7

Action                   |  1- 3 |  4- 6 || total
-------------------------+-------+-------++-------
Melee: Falchion          |   130 |   106 ||   236
Invok: Depart the Abyss  |     1 |       ||     1
  Eat: Ration            |     1 |       ||     1
Armor: Chain mail        |   113 |    80 ||   193
Dodge: Dodged            |    50 |    57 ||   107
       Rpst.: Falchion   |    15 |    14 ||    29

Table legend:
 A = Non-vault XP
 B = Vault XP
 C = Vault XP percentage of total XP
 D = Non-vault monster count
 E = Vault monster count
 F = Vault count percentage of total count
                 A         B        C        D         E       F
            +---------+---------+-------+---------+---------+-------
      Total |     169 |      78 |  31.6 |      55 |       6 |   9.8
            +---------+---------+-------+---------+---------+-------
        D:1 |      25 |       1 |   3.8 |      17 |       1 |   5.6
        D:2 |      61 |       3 |   4.7 |      20 |       2 |   9.1
        D:3 |      83 |      74 |  47.1 |      18 |       3 |  14.3
            +---------+---------+-------+---------+---------+-------
